Unix NetHack Version 3.7.0-80 Work-in-progress - last build Apr 4 2023 12:38:21 (790859391a0ee7bd3181b412646ad1b7e633ff00,branch:master). Game began 2023-04-15 14:18:38, ended 2023-04-15 14:28:48. tromix, chaotic male human Ranger ------ -------- |....| --------------- ######-...)..| |....| |..............#a@# |......| |....-## |.............|# # .......| --------- |(...| # |.)...........| |......| |.......| -.---- # |.............| -.------ |.......| ## # ####..........>...| # |.......| # #### ----------.---- # |.......| # ## # # |.......| -.--- ### ### # |........####-..{|##### # # --------- |....0 # ##### # |..<| # ## # ----- ###------|------- #### #.............| ---.-- |.............### |....| |............| ####### |....| -------------- ######.....| ------ Tromix the Lookout St:15 Dx:9 Co:17 In:13 Wi:14 Ch:8 Chaotic Dlvl:5 $:381 HP:0(41) Pw:17(17) AC:7 Exp:5 T:2356 Burdened Latest messages: You see here a rabid rat corpse. There is a rabid rat corpse here; eat it? [ynq] (n) y Ecch - that must have been poisonous! Your movements are slowed slightly because of your load. You finish eating the rabid rat corpse. You try to move the boulder, but in vain. You see here a scroll labeled ETAOIN SHRDLU. You have a little trouble lifting W - a scroll labeled ETAOIN SHRDLU. You see here a sling. The door resists! The door opens. Sirius picks up a sling. Sirius drops a sling. You find a hidden passage. The killer bee stings! The killer bee strikes at your displaced image and misses you! The killer bee strikes at your displaced image and misses you! You miss the killer bee. The killer bee stings! The killer bee stings! You miss the killer bee. The killer bee stings! The killer bee just misses! You miss the killer bee. The killer bee stings! You miss the killer bee. The killer bee stings! The killer bee stings! The killer bee stings! The killer bee's sting was poisoned! You miss the killer bee. The killer bee stings! The killer bee stings! You swap places with Sirius. Sirius misses it. Sirius misses it. Sirius misses it. Sirius misses it. It misses the killer bee. You hear some noises. It misses the killer bee. The killer bee stings! The killer bee stings! The killer bee just misses! You kill the killer bee! It misses the killer bee. The killer bee stings! You die... Do you want your possessions identified? [ynq] (y) y Do you want to see your attributes? [ynq] (y) q Inventory: Coins $ - 381 gold pieces Weapons c - 54 blessed +2 arrows (in quiver) d - 35 +0 arrows k - 20 +0 arrows b - a +1 bow (alternate weapon; not wielded) o - a +1 dagger (weapon in hand) C - a +0 elven dagger q - a +0 orcish dagger Armor M - an uncursed +0 dwarvish iron helm I - an uncursed +0 orcish helm N - a blessed +0 pair of iron shoes O - an uncursed +0 dwarvish roundshield e - an uncursed +2 cloak of displacement (being worn) p - an uncursed +0 cloak of protection Comestibles f - 4 uncursed cram rations h - 2 uncursed food rations Scrolls W - a blessed scroll of confuse monster B - an uncursed scroll of confuse monster j - a cursed scroll of enchant weapon R - a blessed scroll of gold detection H - an uncursed scroll of light D - 2 uncursed scrolls of teleportation E - a cursed scroll of teleportation Spellbooks S - an uncursed spellbook of detect unseen P - an uncursed spellbook of invisibility A - a cursed spellbook of wizard lock Potions s - an uncursed potion of blindness L - an uncursed potion of booze v - a cursed potion of gain energy t - a blessed potion of gain level u - an uncursed potion of object detection T - an uncursed potion of sleeping n - an uncursed potion of water Rings U - a cursed -3 ring of adornment Tools a - a bag of tricks (0:19) K - an uncursed credit card Gems/Stones l - a cursed jade stone J - an uncursed worthless piece of black glass Q - an uncursed worthless piece of yellow glass Tromix the Ranger's attributes: Background: You were a Lookout, a level 5 male human Ranger. You were chaotic, nominally on a mission for Mars who was opposed by Mercury (lawful) and Venus (neutral). You were in the Dungeons of Doom, on level 5. You entered the dungeon 2356 turns ago. You had 188 experience points, 132 more were needed to attain level 6. Basics: You had 0 out of 41 hit points. You had all 17 energy points (spell power). Your armor class was 7. Your wallet contained 381 zorkmids. Autopickup was off. Final Characteristics: Your strength was 15 (peak:16, limit:18/100). Your dexterity was 9 (limit:18). Your constitution was 17 (limit:18). Your intelligence was 13 (limit:18). Your wisdom was 14 (limit:18). Your charisma was 8 (limit:18). Final Status: You were not hungry. You were burdened; movement was slightly slowed. You were wielding a dagger. You had basic skill with dagger. Final Attributes: You were piously aligned. You had automatic searching. You were displaced. You were warded. You are dead. Miscellaneous: You disabled loading of bones levels. Total elapsed playing time was 10 minutes and 10 seconds. Major events: Turn 1: tromix the chaotic male human Ranger entered the dungeon 608: attained the rank of Lookout (level 3) 1659: entered the Gnomish Mines 2356: killed by a killer bee Vanquished creatures: a gray ooze 2 floating eyes a dwarf a homunculus a kobold leader a rabid rat a monkey a killer bee a hobbit a hobgoblin 3 gnomes 2 garter snakes a gnome zombie 5 geckos 4 foxes 3 goblins 2 sewer rats 2 grid bugs 8 lichens 3 kobold zombies 4 newts 48 creatures vanquished. No species were genocided or became extinct. Voluntary challenges: You were an atheist. You were illiterate. You never engraved Elbereth. You never genocided any monsters. You never polymorphed an object. You never changed form. You used no wishes. Achievements: You attained the rank of Lookout. You entered the Gnomish Mines. The Dungeons of Doom: levels 1 to 6 Level 1: A fountain. Level 2: Some fountains. Level 3: A fountain. Level 4: Some fountains. Stairs down to The Gnomish Mines. Level 5: <- You were here. A fountain. Final resting place for you, killed by a killer bee. Level 6: The Gnomish Mines: Level 5: Game over: ---------- / \ / REST \ / IN \ / PEACE \ / \ | tromix | | 381 Au | | killed by a | | killer bee | | | | | | 2023 | *| * * * | * _________)/\\_//(\/(/\)/\//\/|_)_______ Goodbye tromix the Ranger... You died in The Dungeons of Doom on dungeon level 5 with 1345 points, and 381 pieces of gold, after 2356 moves. You were level 5 with a maximum of 41 hit points when you died.